 Dungeon Sprint DCSS version 0.28.0-53-g5a82cb258f (webtiles) character file.

Game seed: 6851317217093070048

121 Zeld the Thaumaturge (level 4, -1/24 HPs)
             Began as a Deep Elf Conjurer on May 30, 2022.
             Was an Initiate of Sif Muna.
             Slain by a killer bee (14 damage)
             ... in the Dungeon (Sprint IV: "Fedhas' Mad Dash").
             The game lasted 00:00:57 (932 turns).

Zeld the Thaumaturge (Deep Elf Conjurer)             Turns: 932, Time: 00:00:58

Health: -1/24      AC:  2    Str:  4    XL:     4   Next: 76%
Magic:  13/16      EV: 12    Int: 25    God:    Sif Muna [......]
Gold:   72         SH:  0    Dex: 13    Spells: 13/19 levels left

rFire   . . .      SeeInvis .   (no weapon)
rCold   . . .      Faith    .   (no shield)
rNeg    . . .      Spirit   .   a - +0 robe
rPois   .          Reflect  .   (no helmet)
rElec   .          Harm     .   (no cloak)
rCorr   .          Rampage  .   (no gloves)
Will    .....      NoTele   +   (no boots)
Stlth   +++.......              i - amulet of invisibility {+Inv}
HPRegen 0.08/turn               (no ring)
MPRegen 0.15/turn               (no ring)

@: lethally poisoned (-1 -> -9), very slightly contaminated
A: no striking features
a: Renounce Religion, Evoke Invisibility


You were in the Dungeon.
You worshipped Sif Muna.
Sif Muna was noncommittal.
You visited 1 branch You collected 72 gold pieces.

Inventory:

Armour
 a - a +0 robe (worn)
Jewellery
 i - the amulet of invisibility (around neck) {+Inv}
   (You found it in the Dungeon)

   [amulet of nothing]

   +Inv:      It lets you turn invisible.
Scrolls
 g - a scroll of blinking
 h - 2 scrolls of identify {unknown}
Potions
 b - a potion of curing
 c - a potion of heal wounds
 d - a potion of haste
 e - 2 potions of magic
 f - a potion of berserk rage


   Skills:
 - Level 2.4 Dodging
 + Level 4.7 Stealth
 * Level 8.3 Spellcasting
 * Level 8.0 Conjurations
 - Level 2.0 Hexes
 - Level 2.0 Translocations


You had 13 spell levels left.
You knew the following spells:

 Your Spells              Type           Power      Damage    Failure   Level
a - Magic Dart            Conj           100%       1d8       1%          1
b - Searing Ray           Conj           100%       2d8       1%          2
z - Dazzling Flash        Conj/Hex       70%        N/A       2%          3

Your spell library contained the following spells:

 Spells                   Type           Power      Damage    Failure   Level
 Fulminant Prism          Conj/Hex       17%        3d11      8%          4
 Iskenderun's Mystic Bla  Conj/Tloc      35%        2d8       8%          4


Dungeon Overview and Level Annotations

Branches:
Dungeon (1/1)

Altars:
Cheibriados
Dithmenos
Elyvilon
Gozag
Hepliaklqana
Kikubaaqudgha
Makhleb
Nemelex Xobeh
Okawaru
Qazlal
Ru
Sif Muna
Trog
Uskayaw
Vehumet
Wu Jian
Xom
Yredelemnul
Zin
The Shining One
Beogh
Jiyva
Lugonu

Annotations:
D exclusion: oklob sapling


Message History

2 killer bees come into view.
Casting: Searing Ray (safe; 1% risk of failure)
Confirm with . or Enter, or press ? or * to list all spells.
You don't know that spell.
Unknown command.
Casting: Searing Ray (safe; 1% risk of failure)
Confirm with . or Enter, or press ? or * to list all spells.
You don't know that spell.
The killer bee buzzes angrily.
The queen bee buzzes angrily.
The killer bee misses you.
The killer bee buzzes angrily. x2
You flicker for a moment.
You flicker back into view.
The killer bee buzzes angrily.
The queen bee buzzes angrily.
There is an open door here.
The queen bee calls on the killer bee to defend it!
The killer bee goes berserk!
Casting: Searing Ray (safe; 1% risk of failure)
Confirm with . or Enter, or press ? or * to list all spells.
Aiming: Searing Ray (safe; 1% risk of failure)
Press: ? - help, Shift-Dir - straight line, f - killer bee
Aim: a killer bee (berserk, 65% to hit)
Okay, then.
Casting: Searing Ray (safe; 1% risk of failure)
Confirm with . or Enter, or press ? or * to list all spells.
Casting: Dazzling Flash (dangerous; 2% risk of failure)
Press: ? - help, Dir - look around, f - activate The killer bee is dazzled. x2; The killer bee barely misses you.
The killer bee stings you!
You are poisoned.
The killer bee poisons you!
The queen bee calls on the killer bee to defend it!
The killer bee goes berserk!
The killer bee misses you.
Unknown command.
Unknown command.
You feel very sick.
The killer bee rages.
The killer bee stings you!
Ouch! That really hurt!
You die...

##############################
#<...#.....#.....#.⌠._._._._.⌠
#.P..'.....'.#...'.._._._._._.
#P.P.#.....#.#...#..._._P_._..
###############@##.._._._._._.
#...♣....y...yy..#._._._._._.⌠
#......♣....y#...#############
#.....♣..♣..######
##+####+#####


You could see a queen bee and 3 killer bees.

Vanquished Creatures
  A scorpion (D)
  2 oklob saplings (D)
  A river rat (D)
  A rat (D)
5 creatures vanquished.

Vanquished Creatures (others)
  4 fungi (D)
4 creatures vanquished.

Grand Total: 9 creatures vanquished

Notes
Turn   | Place    | Note
-------+----------+-------------------------------------------
     0 | D        | Zeld the Deep Elf Conjurer began the quest for the Orb.
     0 | D        | Reached XP level 1. HP: 10/10 MP: 6/6
    21 | D        | Reached skill level 5 in Conjurations
    21 | D        | Reached skill level 1 in Hexes
    21 | D        | Reached skill level 1 in Translocations
    21 | D        | Reached XP level 2. HP: 15/15 MP: 1/9
    30 | D        | Learned a level 2 spell: Searing Ray
   300 | D        | Noticed an oklob sapling
   305 | D        | Killed an oklob sapling
   306 | D        | Reached skill level 5 in Spellcasting
   306 | D        | Reached XP level 3. HP: 19/19 MP: 2/12
   310 | D        | Learned a level 3 spell: Dazzling Flash
   483 | D        | Noticed a scorpion
   483 | D        | Found the amulet of invisibility {+Inv}
   487 | D        | Killed a scorpion
   488 | D        | Reached XP level 4. HP: 14/24 MP: 7/15
   621 | D        | Found an opulent altar of Gozag.
   621 | D        | Found a hazy altar of Hepliaklqana.
   621 | D        | Found a burning altar of Makhleb.
   621 | D        | Found a sparkling altar of Nemelex Xobeh.
   621 | D        | Found a snail-covered altar of Cheibriados.
   621 | D        | Found a sacrificial altar of Ru.
   621 | D        | Found a shimmering blue altar of Sif Muna.
   621 | D        | Found a shimmering altar of Xom.
   621 | D        | Found a basalt altar of Yredelemnul.
   627 | D        | Found a viscous altar of Jiyva.
   627 | D        | Found a bloodstained altar of Trog.
   627 | D        | Found an ornate altar of the Wu Jian Council.
   628 | D        | Found an iron altar of Okawaru.
   628 | D        | Found a shadowy altar of Dithmenos.
   628 | D        | Found a glowing silver altar of Zin.
   629 | D        | Found a hide-covered altar of Uskayaw.
   629 | D        | Found an ancient bone altar of Kikubaaqudgha.
   630 | D        | Found a stormy altar of Qazlal.
   630 | D        | Found a glowing golden altar of the Shining One.
   630 | D        | Found a white marble altar of Elyvilon.
   631 | D        | Found a radiant altar of Vehumet.
   631 | D        | Found a corrupted altar of Lugonu.
   633 | D        | Became a worshipper of Sif Muna the Loreminder
   911 | D        | Noticed a queen bee
   932 | D        | Slain by a killer bee

Illustrated notes

Levels and vault maps discovered:
D:        dungeon_sprint_fedhas [sprint_temple]

Skill      XL: |  1  2  3  4 |
---------------+-------------+-----
Spellcasting   | 4 5 7 8 |  8.3
Conjurations   | 5 6 7 8 |  8.0
Hexes          | 1 2 |  2.0
Translocations | 1 2 |  2.0
Stealth        | 4 |  4.7
Dodging        | |  2.4

Action                   |  1- 3 |  4- 6 || total
-------------------------+-------+-------++-------
Melee: Unarmed           |     7 |       ||     7
 Cast: Magic Dart        |     6 |       ||     6
       Searing Ray       |     3 |     1 ||     4
       Dazzling Flash    |       |     1 ||     1
 Abil: Evoke Invisibilit |       |     3 ||     3
Dodge: Dodged            |     3 |     3 ||     6
